 Dungeon Crawl Stone Soup version 0.27-a0-631-g2d681adce0 (webtiles) character file.

Game seed: 13749141042334210951

8 Azzok the Skirmisher (level 2, 24/24 HPs)
             Began as a Demonspawn Berserker on Mar 13, 2021.
             Was a Follower of Trog.
             Quit the game on level 1 of the Dungeon.
             The game lasted 00:00:26 (268 turns).

Azzok the Skirmisher (Demonspawn Berserker)          Turns: 268, Time: 00:00:27

Health: 24/24      AC:  2    Str: 17    XL:     2   Next: 0%
Magic:  2/2        EV: 12    Int:  8    God:    Trog [*.....]
Gold:   19         SH:  0    Dex: 12    Spells: 1/1 levels left

rFire    . . .     SeeInvis .   a - +0 hand axe
rCold    . . .     Faith    .   (no shield)
rNeg     . . .     Spirit   .   b - +0 animal skin
rPois    .         Reflect  .   (no helmet)
rElec    .         Harm     .   (no cloak)
rCorr    .         Rampage  .   (no gloves)
Will     .....                  (no boots)
Stlth    +.........             (no amulet)
HPRegen  0.08/turn              (no ring)
MPRegen  0.08/turn              (no ring)

@: no status effects
A: foul stench 1
a: Renounce Religion, Berserk


You were on level 1 of the Dungeon.
You worshipped Trog.
Trog was aware of your devotion.
You visited 1 branch of the dungeon, and saw 1 of its levels.

You collected 19 gold pieces.

Inventory:

Hand Weapons
 a - a +0 hand axe (weapon)
Armour
 b - a +0 animal skin (worn)
Scrolls
 c - a scroll of fear {unknown}


   Skills:
 + Level 3.1 Fighting
 * Level 3.0 Axes
 + Level 2.0 Armour
 - Level 1.7 Dodging


You had one spell level left.
You didn't know any spells.
Your spell library was empty.

Dungeon Overview and Level Annotations

Branches:
Dungeon (1/15)

Altars:


Innate Abilities, Weirdness & Mutations

You may rarely emit foul miasma when damaged in melee.


Message History

The bat closely misses you.
A frilled lizard comes into view.
The bat barely misses you.
The frilled lizard unfolds its giant frill.
A hobgoblin comes into view. It is wielding a +0 club.
The hobgoblin shouts!
The bat closely misses you. The bat closely misses you.
There are monsters nearby!
Found a stone staircase leading down.
The bat hits you but does no damage. The bat misses you.
You hit the bat.
The bat is moderately wounded.
The bat closely misses you.
You slash the hobgoblin!
You kill the hobgoblin!
Trog accepts your kill.
You hit the bat.
You kill the bat!
Trog accepts your kill. The frilled lizard bites you.
You see here a bat corpse.
You slash the frilled lizard!
You kill the frilled lizard!
Trog accepts your kill.
Your Axes skill increases to level 3!
Your Armour skill increases to level 2!
Things that are here:
a +0 club; a frilled lizard corpse A frilled lizard is nearby!
A frilled lizard is nearby!
A frilled lizard is nearby!
The frilled lizard hisses angrily.
You slash the frilled lizard!
You kill the frilled lizard!
Trog accepts your kill.
You have reached level 2!
Your demonic ancestry asserts itself...
You begin to emit a foul stench of rot and decay.
Are you sure you want to abandon this character and quit the game? (Confirm with "yes".)

▒▒▒▒ ▒··▒ ▒··▒ ▒··▒
·▒▒▒▒▒▒··▒ ▒·
·········▒▒▒▒ ·
▒▒▒▒▒·@··)·▒▒▒▒▒▒▒··▒ ·
▒·!···▒†·▒▒†····>·······
▒·····▒··▒▒▒▒▒▒▒····(▒··
▒·····▒··▒▒····· ▒··▒··
············▒▒ ▒·····
▒············▒ ▒··▒·▒
▒·····▒··▒▒▒·▒ ▒▒▒▒·▒▒··
·····▒?·▒▒▒·▒▒▒····▒···
l········>·······▒·▒···


There were no monsters in sight!

Vanquished Creatures
  3 hobgoblins (D:1)
  3 bats (D:1)
  2 frilled lizards (D:1)
8 creatures vanquished.

Notes
Turn   | Place    | Note
-------+----------+-------------------------------------------
     0 | D:1      | Azzok the Demonspawn Berserker began the quest for the Orb.
     0 | D:1      | Reached XP level 1. HP: 18/18 MP: 1/1
   268 | D:1      | Gained mutation: You may rarely emit foul miasma when
                  | damaged in melee. [demonic ancestry]
   268 | D:1      | Reached XP level 2. HP: 24/24 MP: 2/2
   268 | D:1      | Quit the game

Illustrated notes

Levels and vault maps discovered:
D:1:      tarquinn_simple_flora_water_c, layout_rooms

Skill      XL: |  1 |
---------------+----+-----
Axes           | 3 |  3.0
Armour         | 2 |  2.0
Fighting       | |  3.1
Dodging        | |  1.7

Action                   || total
-------------------------++-------
Melee: Hand axe          ||    19
Armor: Animal skin       ||     8
Dodge: Dodged            ||    18

Table legend: (Time is in decaauts)
 A = Elapsed time spent in this place.
 B = Non-inter-level travel time spent in this place.
 C = Inter-level travel time spent in this place.
 D = Time resting spent in this place.
 E = Time spent auto-exploring this place.
 F = Levels seen in this place.
 G = Mean time per level.
                   A        B        C        D        E       F      G
               +--------+--------+--------+--------+--------+-----+--------+
         Total |    271 |    271 |      0 |      0 |    210 |   1 |  271.0 |
       Dungeon |    271 |    271 |      0 |      0 |    210 |   1 |  271.0 |
               +--------+--------+--------+--------+--------+-----+--------+

Top non-repeatable levels by time:
     D:1: 271 daAuts
